 Dungeon Crawl Stone Soup version 0.14-a0-2327-g5ff15cf (webtiles) character file.

117001 M4edhros the Slinger (level 16, -1/95 HPs)
             Began as an Octopode Hunter on Jan 29, 2014.
             Was the Champion of Okawaru.
             Slain by a water moccasin (7 damage)
             ... on Level 4 of the Swamp on Jan 30, 2014.
             The game lasted 02:59:53 (29499 turns).

M4edhros the Slinger (Octopode Hunter)             Turns: 29499, Time: 02:59:54

HP  -1/95        AC  7     Str 21      XL: 16   Next: 68%
MP   0/41        EV 19     Int 12      God: Okawaru [******]
Gold 1643        SH 30     Dex 16      Spells:  8 memorised, 12 levels left

rFire  + + .     SeeInvis +     B - +5,+9 quick blade "Cex Han" {stab, rF+ Dex+2}
rCold  x . .     Clarity  .     S - +0 shield of Dawn {Spirit, rElec Acc+5 Curse}
rNeg   . . .     Conserve .     P - +2 hat
rPois  +         rCorr    .     s - amulet of faith
rElec  +         rRot     .     C - +4 ring of protection
SustAb . .       Spirit   +     e - ring of regeneration
rMut   .         Warding  .     H - ring of Avupsane {Fire rPois Dam+5}
Saprov . . .     Stasis   .     j - +2 ring of strength
MR     +....                    I - ring of invisibility
                                t - ring of see invisible
                                D - +5 ring of evasion
                                m - ring of magical power

@: about to teleport, mighty, heroism, constricted, grasped by roots, very slow,
somewhat resistant to hostile enchantments, incredibly stealthy
A: almost no armour, amphibious, 8 rings, constrict 8, camouflage 1, clumsy 1,
dopey 1, gelatinous body 1
a: Heroism, Finesse, Renounce Religion, Evoke Invisibility


You were on level 4 of the Swamp.
You worshipped Okawaru.
Okawaru was exalted by your worship.
You were not hungry.

You visited 4 branches of the dungeon, and saw 28 of its levels.

You collected 2121 gold pieces.
You spent 478 gold pieces at shops.

Inventory:

Hand weapons
 o - a +4,+2 sling of velocity
 q - a +1,+2 trident of dragon slaying
 u - a +4,+0 dwarven cutlass of electrocution
 v - a +0,+3 sling of flame
 w - a +3 blowgun
 B - the +5,+9 quick blade "Cex Han" (weapon) {stab, rF+ Dex+2}
   (Okawaru gifted it to you on level 5 of the Lair of Beasts)

   It inflicts extra damage upon your enemies.
   It affects your dexterity (+2).
   It protects you from fire.
 Q - the +4,+5 sling of Okawaru's Hope {velocity, Stlth--}
   (Okawaru gifted it to you on level 9 of the Dungeon)

   Any stone fired from it inflicts extra damage.
   It makes you much less stealthy.
Missiles
 c - 102 sling bullets
 f - 15 poisoned sling bullets
 h - 89 stones
 p - 6 curare-tipped needles
 y - 23 exploding sling bullets
 z - 27 sling bullets of flame
 G - 20 silver sling bullets
 J - 36 steel sling bullets
Armour
 P - a +2 hat (worn)
 S - the cursed +0 shield of Dawn (worn) {Spirit, rElec Acc+5 Curse}
   (You bought it in a shop on level 14 of the Dungeon)

   It affects your accuracy with ranged weapons and melee attacks (+5).
   It insulates you from electricity.
   It may recurse itself when equipped.
   It has a curse placed upon it.
Magical devices
 k - a wand of cold (6)
 l - a wand of teleportation (3)
 x - a wand of teleportation (1)
 L - a wand of fire (6)
 T - a wand of fireball (3)
 U - a wand of digging (11)
 X - a wand of draining (2)
 Y - a wand of fire (5)
Comestibles
 n - 8 bread rations
 M - a chunk of adder flesh
 Z - a meat ration
Scrolls
 a - 6 scrolls of identify
 g - 5 scrolls of teleportation
 i - a scroll of magic mapping
 E - a scroll of fog
 N - a scroll of blinking
 O - 2 scrolls of fear
Jewellery
 e - a ring of regeneration (right tentacle)
 j - a +2 ring of strength (on tentacle)
 m - a ring of magical power (on tentacle)
 s - an amulet of faith (around mantle)
 t - a ring of see invisible (on tentacle)
 C - a +4 ring of protection (left tentacle)
 D - a +5 ring of evasion (on tentacle)
 H - the ring of Avupsane (on tentacle) {Fire rPois Dam+5}
   (You found it on level 13 of the Dungeon)

   [ring of fire]

   It affects your damage with ranged weapons and melee attacks (+5).
   It protects you from poison.
 I - a ring of invisibility (on tentacle)
 K - an uncursed ring of protection from magic
 R - an uncursed ring of protection from fire
Potions
 b - a potion of lignification
 r - 2 potions of speed (quivered)
 A - a potion of resistance
 F - 4 potions of curing
 W - a potion of might
Books
 d - a book of Enchantments

   Spells                             Type                      Level
   Cause Fear                         Hexes                        4
   Silence                            Hexes/Air                    5
   Tukima's Dance                     Hexes                        5
   *Deflect Missiles                  Charms/Air                   6
   Haste                              Charms                       6
   Discord                            Hexes                        8
 V - a book of Power

   Spells                             Type                      Level
   Iskenderun's Mystic Blast          Conjuration                  4
   Venom Bolt                         Conjuration/Poison           5
   Bolt of Magma                      Conjuration/Fire/Earth       5
   Fulminant Prism                    Conjuration/Hexes            5
   Iron Shot                          Conjuration/Earth            6
   Orb of Destruction                 Conjuration                  7


   Skills:
 - Level 3.9(8.9) Fighting
 - Level 4.0(9.0) Short Blades
 - Level 13.6(18.6) Slings
 - Level 11.2(16.2) Dodging
 + Level 13.2(18.2) Stealth
 - Level 11.3(16.3) Shields
 - Level 9.0 Spellcasting
 - Level 3.0 Conjurations
 + Level 7.0 Charms
 - Level 3.0 Necromancy
 + Level 8.3 Air Magic
 - Level 6.0 Poison Magic
 - Level 10.4 Invocations
 * Level 1.0 Evocations


You had 12 spell levels left.
You knew the following spells:

 Your Spells              Type           Power        Failure   Level  Hunger
a - Mephitic Cloud        Conj/Pois/Air  ###.....     3%          3    ##.....
b - Regeneration          Chrm/Necr      ###.......   6%          3    ##.....
c - Spectral Weapon       Hex/Chrm       ##......     12%         3    ##.....
d - Song of Slaying       Chrm           ###.....     1%          2    None
e - Infusion              Chrm           ###...       1%          1    None
f - Sting                 Conj/Pois      ###.         1%          1    None
g - Shroud of Golubria    Chrm/Tloc      ##........   6%          2    None
h - Deflect Missiles      Chrm/Air       ###.......   89%         6    #######


Dungeon Overview and Level Annotations

Branches:
Dungeon (15/16)            Temple (1/1) D:4             Orc (0/4) D:9
   Lair (8/8) D:10          Swamp (4/5) Lair:6       Spider (0/5) Lair:6
  Slime (0/6) Lair:7       Vaults (0/5) D:14

Altars:
Ashenzari
Cheibriados
Dithmengos
Elyvilon
Fedhas
Kikubaaqudgha
Makhleb
Nemelex Xobeh
Okawaru
Sif Muna
Trog
Vehumet
Xom
Yredelemnul
Zin
The Shining One
Jiyva

Shops:
D:10 /   D:12 [   D:13 %   D:14 [

Portals:
Trove: D:13 (give 12 potions of heal wounds)

Annotations:
D:2 Sigmund
D:7 exclusion: hydra
Lair:6 exclusion: hydra


Innate Abilities, Weirdness & Mutations

You cannot wear most types of armour.
You are amphibious.
You can wear up to eight rings at the same time.
You can use your tentacles to constrict many enemies at once.
Your skin changes colour to match your surroundings (Stlth).
Your rubbery body absorbs attacks (AC +1).
You are clumsy. (Dex -2)
You are dopey. (Int -2)


Message History

Drink which item? (? for menu, Esc to quit)
You feel better. You block the water moccasin's attack. The anaconda bites you!
The anaconda constricts you. You block the raven's attack.
You block the raven's attack.
The spriggan rider is engulfed in noxious fumes.
The water moccasin barely misses you. The anaconda misses you.
The anaconda constricts you. The raven pecks you!
* * * LOW HITPOINT WARNING * * *
The raven claws you but does no damage.
Drink which item? (? for menu, Esc to quit)
You feel better.
The spriggan rider hits the raven with a spear!
You block the raven's attack.
The raven is engulfed in noxious fumes.
The raven appears confused.
The anaconda bites you!
* * * LOW HITPOINT WARNING * * *
The anaconda constricts you. The shambling mangrove hits you!
* * * LOW HITPOINT WARNING * * *
The water moccasin bites you!
You die...

≈≈≈≈. ♣♣P.≈≈≈..≈≈♣
♣.≈≈≈≈♣♣♣..≈≈≈≈≈≈≈.
≈≈..[.♣≈....≈≈≈≈..♣
...♣♣≈..≈≈≈≈≈≈≈≈≈≈.♣
≈≈..≈.≈≈≈≈≈≈≈≈≈≈≈≈≈♣♣♣♣♣♣
≈≈≈...≈≈≈≈≈≈§≈≈≈≈≈.♣♣≈.≈.
♣≈≈♣≈≈%≈b≈...≈≈..♣♣≈.≈≈≈
♣♣≈.bSSb§i.≈......n≈≈≈
♣≈..≈@P♣♣.b....≈≈≈≈.♣♣
♣♣≈.≈≈≈≈♣≈≈♣≈..♣♣♣♣...
♣♣≈≈♣♣♣♣♣.≈♣♣≈≈..≈♣♣♣≈
♣♣♣♣♣♣♣.≈≈♣♣.♣♣♣.≈♣♣.≈..♣♣♣.
♣.....§≈...≈≈♣ ♣♣♣♣≈≈../≈♣♣≈
♣♣.≈.≈≈≈≈♣♣...≈.
♣≈...≈.≈♣♣♣♣ ♣..≈≈≈≈≈.♣
♣♣........♣≈♣♣♣♣♣♣
♣≈≈≈≈≈≈≈≈♣ ♣♣..≈...♣♣♣...♣.
♣♣≈≈≈≈≈.≈♣ ≈≈≈♣.. ♣≈≈..≈


You could see a shambling mangrove, an anaconda, a spriggan rider (confused), 3
ravens and a water moccasin.

Vanquished Creatures
  A thorn hunter (Swamp:4)
  Louise (D:15)
  The ghost of lorenz the Markself, a powerful HEAM of Okawaru (Lair:6)
  15 hydras
  Nessos (Swamp:2)
  2 dancing weapons (D:14)
  Erica (Lair:1)
  9 death yaks
  2 centaur warriors
  A catoblepas (Lair:6)
  An iron troll (D:15)
  5 skeletal warriors (D:15)
  2 deep trolls (D:15)
  The ghost of Econoterrorist the Covert, an experienced SpEn of Dithmengos (D:7)
  A swamp dragon (Swamp:2)
  Pikel (D:7)
  A red wasp (Swamp:1)
  A lindwurm (Lair:8)
  2 hill giants
  A wolf spider zombie (D:13)
  A griffon (Lair:8)
  28 slime creatures
  An octopode (D:15)
  A cyclops (D:15)
  Maurice (D:7)
  5 elephants
  7 black mambas
  2 feature mimics
  3 spriggan druids
  15 spiny frogs
  A queen ant (Lair:4)
  11 komodo dragons
  12 giant fireflies
  A centaur skeleton (D:12)
  A hydra zombie (D:13)
  13 spriggans
  8 trolls
  A wind drake (shapeshifter) (D:13)
  6 giant leeches
  22 blink frogs
  2 bog bodies (Swamp:1)
  A two-headed ogre (D:9)
  2 boulder beetles (Lair:8)
  9 grizzly bears (Lair:8)
  2 ravens (Swamp:2)
  A griffon skeleton (D:14)
  2 trapdoor spiders (D:13)
  3 thorn lotuses
  18 ugly things
  A shadow (Swamp:4)
  5 water elementals (D:15)
  3 wraiths
  57 yaks
  5 redbacks
  2 hill giant zombies
  3 sharks (D:15)
  23 vampire mosquitoes
  2 wyverns
  A tarantella (Lair:6)
  A steam dragon (D:9)
  A hog (D:8)
  Grum (D:9)
  3 manticores
  45 wolves
  12 hippogriffs
  Menkaure (D:7)
  23 swamp worms
  Duvessa (D:7)
  9 swamp drakes
  A necrophage (D:13)
  7 orc warriors
  9 porcupines
  14 soldier ants (Lair:4)
  The ghost of Sar the Grave Robber, an average VSNe of Ashenzari (D:5)
  3 slaves
  An ogre skeleton (D:13)
  7 sky beasts
  2 giant goldfish
  A human (D:8)
  2 phantoms
  5 black bears (Lair:8)
  6 ogres
  5 ice beasts
  3 big kobolds
  18 crocodiles
  21 centaurs
  9 giant slugs
  20 water moccasins
  A manticore zombie (D:14)
  19 giant frogs
  12 agate snails
  6 jellyfish
  5 killer bees
  6 wights
  12 crimson imps
  2 centaur zombies
  Dowan (D:7)
  16 hounds
  A yaktaur simulacrum (D:14)
  4 goliath beetles
  8 iguanas
  7 jellies
  2 quasits (D:8)
  4 scorpions
  8 orc priests
  4 big fish
  13 orc wizards
  18 sheep
  45 worker ants
  A crocodile zombie (D:5)
  An elf simulacrum (D:14)
  A hound skeleton (D:5)
  4 gnolls (D:4)
  26 adders
  63 green rats
  4 giant centipedes
  2 giant mites
  9 worms
  2 iguana zombies
  An iguana skeleton (D:11)
  An orc skeleton (D:5)
  2 giant eyeballs
  8 giant geckos
  43 orcs
  4 ball pythons (Swamp:4)
  25 bats
  A bat skeleton (D:6)
  3 giant cockroaches
  11 hobgoblins
  13 jackals
  9 giant newts
  2 giant spores
  15 goblins
  2 hobgoblin skeletons (D:5)
  A hobgoblin zombie (D:5)
  25 kobolds
  A kobold zombie (D:7)
  7 quokkas
  15 rats
  9 ballistomycetes
  A plant (D:10)
1070 creatures vanquished.

Vanquished Creatures (others)
  A slave (D:7)
  3 spectral weapons
  A giant spore (D:14)
  A fungus (Lair:6)
  7 plants
13 creatures vanquished.

Grand Total: 1083 creatures vanquished

Notes
Turn   | Place    | Note
--------------------------------------------------------------
     0 | D:1      | M4edhros, the Octopode Hunter, began the quest for the Orb.
     0 | D:1      | Reached XP level 1. HP: 13/13 MP: 1/1
   146 | D:1      | Reached XP level 2. HP: 18/18 MP: 2/2
   361 | D:1      | Found an iron altar of Okawaru.
   382 | D:1      | Became a worshipper of Warmaster Okawaru
   766 | D:2      | Reached XP level 3. HP: 23/23 MP: 3/3
   768 | D:2      | Reached skill level 5 in Slings
  1202 | D:2      | Noticed Sigmund
  1319 | D:2      | Reached XP level 4. HP: 21/28 MP: 4/4
  1330 | D:2      | Paralysed by a potion of paralysis for 7 turns
  1785 | D:3      | Reached skill level 6 in Slings
  1785 | D:3      | Reached XP level 5. HP: 21/33 MP: 5/5
  2555 | D:4      | Acquired Okawaru's first power
  2702 | D:4      | Noticed an ogre
  2788 | D:4      | Killed an ogre
  2788 | D:4      | Reached skill level 7 in Slings
  2788 | D:4      | Reached XP level 6. HP: 38/38 MP: 6/6
  3035 | D:4      | Found a staircase to the Ecumenical Temple.
  3209 | D:4      | Reached skill level 8 in Slings
  3220 | D:4      | Reached XP level 7. HP: 30/43 MP: 7/7
  3290 | D:5      | Entered Level 5 of the Dungeon
  3416 | Temple   | Entered the Ecumenical Temple
  3784 | D:5      | Reached skill level 9 in Slings
  3915 | D:5      | Found a shadowy altar of Dithmengos.
  3915 | D:5      | Found a radiant altar of Vehumet.
  3918 | D:5      | Found a sparkling altar of Nemelex Xobeh.
  3927 | D:5      | Noticed Sar's ghost (average VSNe)
  3934 | D:5      | Killed Sar's ghost
  3934 | D:5      | Reached XP level 8. HP: 48/48 MP: 8/8
  4108 | D:5      | Reached skill level 10 in Slings
  5484 | D:7      | Noticed Duvessa
  5578 | D:7      | Noticed Econoterrorist's ghost (experienced SpEn)
  5602 | D:7      | Reached XP level 9. HP: 11/53 MP: 9/9
  5841 | D:7      | Found a blossoming altar of Fedhas.
  5859 | D:7      | Noticed Menkaure
  5870 | D:7      | Killed Menkaure
  5870 | D:7      | Reached skill level 11 in Slings
  5870 | D:7      | Reached skill level 5 in Dodging
  6154 | D:7      | Noticed a four-headed hydra
  6323 | D:7      | Killed Econoterrorist's ghost
  6323 | D:7      | Reached skill level 12 in Slings
  6537 | D:7      | Reached XP level 10. HP: 58/58 MP: 10/10
  6564 | D:7      | Noticed Dowan
  6573 | D:7      | Killed Dowan
  6582 | D:7      | Noticed Pikel
  6593 | D:7      | Killed Pikel
  6593 | D:7      | Received a gift from Okawaru
  6726 | D:7      | Killed Duvessa
  6940 | D:8      | Noticed Maurice
  7201 | D:7      | Acquired Okawaru's second power
  7212 | D:7      | Killed Maurice
  7286 | D:8      | Received a gift from Okawaru
  7923 | D:9      | Received a gift from Okawaru
  7923 | D:9      | Reached skill level 13 in Slings
  7924 | D:9      | Got a dazzling sling {god gift}
  7925 | D:9      | Identified the +4,+5 sling of Okawaru's Hope {velocity, Stlth--} (Okawaru gifted it to you on level 9 of the Dungeon)
  8052 | D:9      | Found a staircase to the Orcish Mines.
  8064 | D:9      | Noticed Grum
  8069 | D:9      | Killed Grum
  8069 | D:9      | Reached skill level 10 in Dodging
  8069 | D:9      | Reached XP level 11. HP: 63/63 MP: 11/11
  8084 | D:9      | Paralysed by a giant eyeball for 2 turns
  8310 | D:9      | Reached skill level 1 in Shields
  8611 | D:10     | Entered Level 10 of the Dungeon
  8711 | D:10     | Noticed a hill giant
  8719 | D:10     | Killed a hill giant
  8886 | D:10     | Received a gift from Okawaru
  8908 | D:10     | Found Dacaiz Dotig's Magical Wand Shoppe.
  9049 | D:10     | Found a staircase to the Lair.
  9899 | D:11     | Received a gift from Okawaru
  9939 | D:11     | Found a white marble altar of Elyvilon.
 10746 | D:12     | Reached skill level 5 in Shields
 11216 | D:13     | Found Zicreoga's Food Shoppe.
 11226 | D:13     | Noticed a four-headed hydra
 11256 | D:13     | Noticed a harpy
 11258 | D:13     | a harpy changed into a salamander
 11282 | D:13     | Got a pitted platinum ring
 11292 | D:13     | Noticed a centaur warrior
 11305 | D:13     | Noticed a six-headed hydra
 11413 | D:12     | Gained mutation: You are dopey. (Int -2) [potion of mutation]
 11413 | D:12     | Gained mutation: You are partially covered in icy blue scales (AC +1). [potion of mutation]
 11413 | D:12     | Gained mutation: You are clumsy. (Dex -2) [potion of mutation]
 11414 | D:12     | Gained mutation: Space occasionally distorts in your vicinity. [potion of mutation]
 11414 | D:12     | Gained mutation: You are frail (-10% HP). [potion of mutation]
 11437 | D:12     | Identified the ring of Avupsane {Fire rPois Dam+5} (You found it on level 13 of the Dungeon)
 11551 | Lair:1   | Entered Level 1 of the Lair of Beasts
 11939 | Lair:1   | Noticed Erica
 11945 | Lair:1   | Killed Erica
 11945 | Lair:1   | Reached XP level 12. HP: 48/64 MP: 12/12
 12740 | Lair:2   | Received a gift from Okawaru
 12741 | Lair:2   | Got a shimmering shield {god gift}
 12753 | Lair:2   | Identified the +1 shield of Impressiveness {rF+ Stlth+} (Okawaru gifted it to you on level 2 of the Lair of Beasts)
 13189 | Lair:2   | You fall through a shaft!
 13243 | Lair:3   | Noticed a four-headed hydra
 13261 | Lair:3   | Killed a four-headed hydra
 13261 | Lair:3   | Reached skill level 10 in Shields
 13479 | Lair:3   | Reached skill level 1 in Short Blades
 13592 | Lair:3   | Noticed a death yak
 13836 | Lair:3   | Learned a level 3 spell: Mephitic Cloud
 13949 | Lair:3   | Learned a level 3 spell: Regeneration
 14006 | Lair:3   | Killed a death yak
 14006 | Lair:3   | Reached skill level 1 in Conjurations
 14006 | Lair:3   | Reached skill level 1 in Air Magic
 14006 | Lair:3   | Reached skill level 1 in Poison Magic
 15120 | Lair:4   | Received a gift from Okawaru
 15351 | Lair:4   | Reached skill level 1 in Spellcasting
 15358 | Lair:4   | Reached XP level 13. HP: 61/68 MP: 10/17
 15372 | Lair:4   | Reached skill level 5 in Poison Magic
 15496 | Lair:4   | Noticed a five-headed hydra
 15801 | Lair:4   | Noticed a death yak
 15809 | Lair:4   | Noticed a death yak
 15812 | Lair:4   | Noticed a death yak
 15814 | Lair:4   | Killed a death yak
 15828 | Lair:4   | Killed a death yak
 15852 | Lair:4   | Killed a death yak
 16004 | Lair:4   | Killed a five-headed hydra
 16468 | Lair:5   | Reached skill level 1 in Charms
 16492 | Lair:5   | Received a gift from Okawaru
 16507 | Lair:5   | Reached skill level 5 in Air Magic
 16514 | Lair:5   | Got a crystal quick blade {god gift}
 16515 | Lair:5   | Identified the +5,+9 quick blade "Cex Han" {stab, rF+ Dex+2} (Okawaru gifted it to you on level 5 of the Lair of Beasts)
 17269 | Lair:5   | Reached skill level 5 in Stealth
 17277 | Lair:5   | Received a gift from Okawaru
 17651 | Lair:6   | Reached skill level 5 in Spellcasting
 17654 | Lair:6   | Received a gift from Okawaru
 17662 | Lair:6   | Noticed lorenz's ghost (powerful HEAM)
 17811 | Lair:6   | Killed lorenz's ghost
 17983 | Lair:6   | Found a staircase to the Swamp.
 17985 | Lair:6   | Found a hole to the Spider Nest.
 18317 | Lair:5   | Learned a level 3 spell: Spectral Weapon
 18320 | Lair:5   | Learned a level 2 spell: Song of Slaying
 18322 | Lair:5   | Learned a level 1 spell: Infusion
 18324 | Lair:5   | Learned a level 1 spell: Sting
 18327 | Lair:5   | Learned a level 2 spell: Shroud of Golubria
 18807 | Lair:7   | Found a viscous altar of Jiyva.
 18821 | Lair:8   | Entered Level 8 of the Lair of Beasts
 18823 | Lair:8   | Received a gift from Okawaru
 18921 | Lair:8   | Received a gift from Okawaru
 18953 | Lair:7   | Reached XP level 14. HP: 54/72 MP: 17/28
 19166 | Lair:7   | Found a staircase to the Slime Pits.
 19286 | Lair:7   | Received a gift from Okawaru
 19710 | Lair:7   | Got a fine whip
 20178 | Lair:8   | Received a gift from Okawaru
 20292 | Lair:8   | Identified the +2,+7 whip of the Dragonfly {venom, Contam rN+} (You found it on level 7 of the Lair of Beasts)
 20293 | Lair:8   | Lost mutation: Space occasionally distorts in your vicinity. [potion of cure mutation]
 20293 | Lair:8   | Lost mutation: You are frail (-10% HP). [potion of cure mutation]
 20293 | Lair:8   | Lost mutation: You are partially covered in icy blue scales (AC +1). [potion of cure mutation]
 20352 | Lair:8   | Reached skill level 1 in Necromancy
 20557 | Lair:8   | Reached skill level 5 in Charms
 20579 | Lair:8   | Received a gift from Okawaru
 20665 | Lair:8   | Received a gift from Okawaru
 20723 | Lair:8   | Received a gift from Okawaru
 21115 | Lair:8   | Received a gift from Okawaru
 21213 | Lair:8   | Received a gift from Okawaru
 21292 | Lair:8   | Reached XP level 15. HP: 88/88 MP: 31/31
 22202 | D:12     | Noticed a hill giant
 22217 | D:12     | Killed a hill giant
 22399 | D:12     | Found Ynufasu's Antique Armour Shop.
 22674 | D:12     | Reached skill level 1 in Invocations
 22937 | D:13     | Found a portal to a secret trove of treasure.
 23084 | D:13     | Killed a four-headed hydra
 23274 | D:13     | Received a gift from Okawaru
 23349 | D:13     | Killed a centaur warrior
 23349 | D:13     | Reached skill level 5 in Invocations
 23468 | D:13     | Killed a six-headed hydra
 23577 | D:14     | Received a gift from Okawaru
 23846 | D:14     | Found Voalos' Armour Emporium.
 23860 | D:14     | Received a gift from Okawaru
 24068 | D:14     | Received a gift from Okawaru
 24144 | D:14     | Found a gate to the Vaults.
 24236 | D:14     | Received a gift from Okawaru
 24350 | D:15     | Entered Level 15 of the Dungeon
 24373 | D:15     | Noticed Louise
 24385 | D:15     | Killed Louise
 24719 | D:15     | Reached skill level 10 in Stealth
 25486 | D:15     | Received a gift from Okawaru
 25940 | D:14     | Bought the +0 shield of Dawn {Spirit, rElec Acc+5 Curse} for 478 gold pieces
 26389 | Swamp:1  | Entered Level 1 of the Swamp
 26434 | Swamp:1  | Reached skill level 10 in Invocations
 26434 | Swamp:1  | Reached XP level 16. HP: 95/95 MP: 32/32
 27043 | Swamp:1  | Received a gift from Okawaru
 27372 | Swamp:2  | Received a gift from Okawaru
 27427 | Swamp:2  | Noticed Nessos
 27430 | Swamp:2  | Killed Nessos
 27495 | Swamp:1  | Received a gift from Okawaru
 28221 | Swamp:3  | Received a gift from Okawaru
 28448 | Swamp:3  | Learned a level 6 spell: Deflect Missiles
 28783 | Swamp:4  | Received a gift from Okawaru
 29275 | Swamp:4  | Noticed a thorn hunter
 29309 | Swamp:4  | Killed a thorn hunter
 29457 | Swamp:4  | Reached skill level 1 in Evocations
 29499 | Swamp:4  | Slain by a water moccasin

Action                   |  1- 3 |  4- 6 |  7- 9 | 10-12 | 13-15 | 16-18 || total
-------------------------+-------+-------+-------+-------+-------+-------++-------
Melee: Short sword       |    20 |       |       |       |       |       ||    20
       Spear             |    56 |     2 |    15 |     3 |       |       ||    76
       Dagger            |       |     2 |    29 |   777 |   194 |       ||  1002
       Sling             |       |       |     9 |     2 |       |       ||    11
       Quick blade       |       |       |       |       |  1456 |   368 ||  1824
 Fire: Sling             |    12 |   142 |   332 |   819 |   236 |    63 ||  1604
       Blowgun           |       |       |       |     9 |       |       ||     9
Throw: Stone             |       |       |       |     2 |       |       ||     2
 Cast: Mephitic Cloud    |       |       |       |       |    25 |    13 ||    38
       Spectral Weapon   |       |       |       |       |    16 |     3 ||    19
       Regeneration      |       |       |       |       |     5 |     1 ||     6
       Infusion          |       |       |       |       |     4 |       ||     4
       Shroud of Golubri |       |       |       |       |     2 |       ||     2
       Song of Slaying   |       |       |       |       |     1 |       ||     1
Invok: Heroism           |       |       |       |     2 |    12 |     3 ||    17
Evoke: Wand              |       |       |     9 |     4 |     9 |     6 ||    28
  Use: Scroll            |     2 |     3 |     6 |    12 |    11 |     2 ||    36
       Potion            |     1 |     5 |     7 |    16 |     4 |     3 ||    36
 Stab: Sleeping          |    11 |       |     1 |     8 |    47 |    18 ||    85
       Distracted        |       |       |       |       |    13 |     3 ||    16
       Confused          |       |       |       |       |    10 |     4 ||    14
